 Dungeon Crawl Stone Soup version 0.27.0-1-g7a089689b8 (webtiles) character file.

Game seed: 17864866405587621495

23 apoch the Chopper (level 2, 0/27 HPs)
             Began as a Minotaur Berserker on Aug 1, 2021.
             Was a Follower of Trog.
             Slain by Terence (8 damage)
             ... on level 2 of the Dungeon.
             The game lasted 00:02:07 (1182 turns).

apoch the Chopper (Minotaur Berserker)              Turns: 1182, Time: 00:02:08

Health: 0/27       AC:  2    Str: 21    XL:     2   Next: 75%
Magic:  1/1        EV: 12    Int:  4    God:    Trog [*.....]
Gold:   56         SH:  0    Dex:  9    Spells: 1/1 levels left

rFire    . . .     SeeInvis .   a - +0 hand axe
rCold    . . .     Faith    .   (no shield)
rNeg     . . .     Spirit   .   b - +0 animal skin
rPois    .         Reflect  .   (helmet restricted)
rElec    .         Harm     .   (no cloak)
rCorr    .         Rampage  .   (no gloves)
Will     .....                  (no boots)
Stlth    +.........             (no amulet)
HPRegen  0.09/turn              (no ring)
MPRegen  0.07/turn              (no ring)

@: no status effects
A: horns 2, retaliatory headbutt
a: Renounce Religion, Berserk


You were on level 2 of the Dungeon.
You worshipped Trog.
Trog was aware of your devotion.
You visited 1 branch of the dungeon, and saw 2 of its levels.

You collected 56 gold pieces.

Inventory:

Hand Weapons
 a - a +0 hand axe (weapon)
Missiles
 c - 3 boomerangs (quivered)
 d - 9 stones
 f - 18 poisoned darts
Armour
 b - a +0 animal skin (worn)
Scrolls
 g - a scroll of fear {unknown}
 h - a scroll of teleportation {unknown}
Potions
 e - a potion of attraction {unknown}


   Skills:
 + Level 4.0 Fighting
 + Level 4.0 Axes
 + Level 2.9 Armour
 + Level 2.6 Dodging


You had one spell level left.
You didn't know any spells.
Your spell library was empty.

Dungeon Overview and Level Annotations

Branches:
Dungeon (2/15)

Altars:

Shops:
D:1 *

Annotations:
D:2 Terence


Innate Abilities, Weirdness & Mutations

You have a pair of horns on your head.
You reflexively headbutt those who attack you in melee.


Message History

Trog accepts your kill.
You slash the endoplasm!
You kill the endoplasm!
Trog accepts your kill. The ball python closely misses you.
You furiously retaliate!
You headbutt the ball python. The ball python grabs you.
The ball python constricts you.
You hit the ball python.
You kill the ball python!
Trog accepts your kill.
Your Fighting skill increases to level 4!
You see here a ball python corpse.
Terence the Incautious comes into view.
He is wielding a +0 short sword.
Terence shouts!
You hear a shout!
Terence asks, "Do you want it fast or slow?"
Found a robe.
You throw a boomerang.
The boomerang hits Terence but does no damage.
You throw a boomerang.
The boomerang hits Terence but does no damage.
You throw a boomerang.
The boomerang hits Terence but does no damage.
You throw a boomerang.
The boomerang hits Terence but does no damage.
You hit Terence.
Terence is lightly wounded.
A bat comes into view.
Terence hits you with a +0 short sword. x2; The bat moves out of view.
You hit Terence but do no damage.
Terence is lightly wounded.
Terence hits you with a +0 short sword!
You hit Terence but do no damage. Your headbutt misses Terence.
Terence is lightly wounded.
A gnoll comes into view. It is wielding a +5 flail.
Terence hits you with a +0 short sword.
* * * LOW HITPOINT WARNING * * *
You hit Terence.
Terence is moderately wounded.
The bat hits you but does no damage. Terence hits you with a +0 short sword!
You die...

...........#
...........#
........†..#
#..........#
##......†<..#
..........## #####
###........##
......#..b........#
.g....@@..........#
......##..........#
#.... #..........#
#..[ #..........#
#.. ##........## #.
##......## #
########


You could see Terence, a gnoll and a bat.

Vanquished Creatures
  A ball python (D:2)
  2 endoplasms
  2 giant cockroaches (D:1)
  6 jackals (D:1)
  A quokka (D:1)
  A bat (D:2)
  2 frilled lizards (D:1)
  2 goblins (D:1)
  A kobold (D:1)
  3 rats (D:1)
21 creatures vanquished.

Vanquished Creatures (others)
  8 plants (D:1)
8 creatures vanquished.

Grand Total: 29 creatures vanquished

Notes
Turn   | Place    | Note
-------+----------+-------------------------------------------
     0 | D:1      | apoch the Minotaur Berserker began the quest for the Orb.
     0 | D:1      | Reached XP level 1. HP: 19/19 MP: 0/0
   255 | D:1      | Found a faded altar of an unknown god.
   330 | D:1      | Found Vyusy's Assorted Antiques.
   354 | D:1      | Reached XP level 2. HP: 24/27 MP: 1/1
  1174 | D:2      | Noticed Terence
  1182 | D:2      | Slain by Terence

Illustrated notes

Levels and vault maps discovered:
D:1:      dpeg_arrival_round_b, layout_rooms, serial_forest,
          infiniplex_forest_clump_large, infiniplex_forest_zigzag_2,
          infiniplex_forest_clump_cross, infiniplex_forest_straight_1,
          infiniplex_forest_lined_room_3, infiniplex_forest_clump_diagonal,
          infiniplex_forest_end_double, shapermc_ecumenical_altar_starsandcircs,
          serial_shops, nicolae_shop_crystal, eino_curves_04, minivault_5
D:2:      minmay_razor_zed, layout_rooms, uniq_terence

Skill      XL: |  1  2 |
---------------+-------+-----
Axes           | 4 |  4.0
Fighting       | 4 |  4.0
Armour         | |  2.9
Dodging        | |  2.6

Action                   || total
-------------------------++-------
Melee: Hand axe          ||    61
       Headbutt          ||    17
Throw: Boomerang         ||    13
Armor: Animal skin       ||     4
Dodge: Dodged            ||    17
